SKY
DETROIT TIGERS @ MONTREAL EXPOS
04/20/2052
 
TOP OF THE 1ST
Detroit Tigers batting - Pitching for Montreal Expos : LHP Javy Piña
Pitching: LHP Javy Piña
Batting: LHB Jim Harvill 0-0: Called Strike
0-1: Foul Ball, location: 9LMF
0-2: Ball
1-2: Ball
2-2: Foul Ball, location: 2F
2-2: Strikes out looking
Batting: LHB Sebastian Ontiveros 0-0: Ball
1-0: Ground out 4-3 (Groundball, 4, EV 100.0 MPH)
Batting: SHB Carlos Vargas 0-0: Ball
1-0: Called Strike
1-1: Ball
2-1: Fly out, F8 (Flyball, 89M, EV 96.3 MPH)
Top of the 1st over - 0 runs, 0 hits, 0 errors, 0 left on base; Detroit 0 - Montreal 0
BOTTOM OF THE 1ST
Montreal Expos batting - Pitching for Detroit Tigers : RHP Lou Clayton
Pitching: RHP Lou Clayton
Batting: LHB Daryl Henderson 0-0: Ball
1-0: Fly out, F8 (Flyball, 8LXD, EV 109.4 MPH)
Batting: RHB Brian Ottman 0-0: Ground out 4-3 (Groundball, 4S, EV 90.0 MPH)
Batting: LHB Jimmy Miramontes 0-0: Ball
1-0: Foul Ball, location: 5F
1-1: Foul Ball, location: 3DF
1-2: Ball
2-2: Foul Ball, location: 5F
2-2: Foul Ball, location: 25F
2-2: Ball
3-2: SINGLE (Groundball, 15S, EV 74.4 MPH) (infield hit)
Batting: LHB Valentin Suárez 0-0: Ball
1-0: Ball
2-0: Swinging Strike
2-1: Ball
3-1: Foul Ball, location: 2F
3-2: Strikes out swinging
Bottom of the 1st over - 0 runs, 1 hit, 0 errors, 1 left on base; Detroit 0 - Montreal 0
TOP OF THE 2ND
Detroit Tigers batting - Pitching for Montreal Expos : LHP Javy Piña
Batting: RHB Kyle Garette 0-0: Ball
1-0: Called Strike
1-1: Ball
2-1: Fly out, F5 (Popup, 5F, EV 80.0 MPH)
Batting: RHB Peter Bates 0-0: Swinging Strike
0-1: SOLO HOME RUN (Flyball, 7LD, EV 95.6 MPH), Distance : 357 ft
Batting: RHB Dragon Dainty 0-0: Called Strike
0-1: Ground out 5-3 (Groundball, 56S, EV 85.6 MPH)
Batting: LHB Will Dishman 0-0: Foul Ball, location: 2F
0-1: Swinging Strike
0-2: Strikes out swinging
Top of the 2nd over - 1 run, 1 hit, 0 errors, 0 left on base; Detroit 1 - Montreal 0
BOTTOM OF THE 2ND
Montreal Expos batting - Pitching for Detroit Tigers : RHP Lou Clayton
Batting: LHB Joe Edwards 0-0: Called Strike
0-1: SINGLE (Line Drive, 34D, EV 98.1 MPH)
Batting: LHB D.J. Spencer 0-0: Ball
1-0: Ball
2-0: Called Strike
2-1: Swinging Strike
2-2: Ball
3-2: Foul Ball, location: 9LSF
3-2: Base on Balls
Joe Edwards to second
Batting: RHB Ricky Sytsma 0-0: Called Strike
0-1: Swinging Strike
0-2: Ball
1-2: Strikes out swinging
Batting: LHB Hugo Texido 0-0: Ball
1-0: Foul Ball, location: 5FF
1-1: Swinging Strike
1-2: Ball
2-2: Strikes out swinging
Batting: SHB Jonah Pérez 0-0: Swinging Strike
0-1: Foul Ball, location: 7LMF
0-2: Ball
1-2: Fly out, F7 (Flyball, 78M, EV 91.9 MPH)
Bottom of the 2nd over - 0 runs, 1 hit, 0 errors, 2 left on base; Detroit 1 - Montreal 0
TOP OF THE 3RD
Detroit Tigers batting - Pitching for Montreal Expos : LHP Javy Piña
Batting: RHB Aarón Gutiérrez 0-0: SINGLE (Groundball, 56, EV 87.5 MPH)
Batting: RHB Zaiden Parker 0-0: SINGLE (Line Drive, 8LS, EV 100.6 MPH)
Aarón Gutiérrez to second
Batting: LHB Jim Harvill 0-0: Ball
1-0: Called Strike
1-1: Foul Ball, location: 7LDF
1-2: Ball
2-2: Grounds into double play, 6-4-3 (Groundball, 6, EV 80.6 MPH)
Aarón Gutiérrez to third
Batting: LHB Sebastian Ontiveros 0-0: Foul Ball, location: 25F
0-1: Ground out 4-3 (Groundball, 4M, EV 100.6 MPH)
Top of the 3rd over - 0 runs, 2 hits, 0 errors, 1 left on base; Detroit 1 - Montreal 0
BOTTOM OF THE 3RD
Montreal Expos batting - Pitching for Detroit Tigers : RHP Lou Clayton
Batting: LHB Daryl Henderson 0-0: Foul Ball, location: 3SF
0-1: Ball
1-1: Foul Ball, location: 7LMF
1-2: Ball
2-2: TRIPLE (Line Drive, 7D, EV 103.1 MPH)
Batting: RHB Brian Ottman 0-0: Ground out 4-3 (Groundball, 4MD, EV 102.5 MPH)
Daryl Henderson scores
Batting: LHB Jimmy Miramontes 0-0: Ball
1-0: Called Strike
1-1: Swinging Strike
1-2: Strikes out swinging
Batting: LHB Valentin Suárez 0-0: Called Strike
0-1: Swinging Strike
0-2: Ball
1-2: Ball
2-2: SINGLE (Line Drive, 78M, EV 97.5 MPH)
Batting: LHB Joe Edwards 0-0: Ball
1-0: Ball
2-0: Foul Ball, location: 2F
2-1: Foul Ball, location: 3F
2-2: Fly out, F6 (Flyball, 6MD, EV 85.6 MPH)
Bottom of the 3rd over - 1 run, 2 hits, 0 errors, 1 left on base; Detroit 1 - Montreal 1
TOP OF THE 4TH
Detroit Tigers batting - Pitching for Montreal Expos : LHP Javy Piña
Batting: SHB Carlos Vargas 0-0: Ball
1-0: Called Strike
1-1: Ball
2-1: Ground out 5-3 (Groundball, 5L, EV 102.5 MPH)
Pitching: RHP Elliott Raber
Batting: RHB Kyle Garette 0-0: Called Strike
0-1: Ball
1-1: Ball
2-1: Foul Ball, location: 5FF
2-2: Ground out 6-3 (Groundball, 6, EV 90.0 MPH)
Batting: RHB Peter Bates 0-0: Foul Ball, location: 5F
0-1: Ball
1-1: Fly out, F8 (Flyball, 8LD, EV 106.3 MPH)
Top of the 4th over - 0 runs, 0 hits, 0 errors, 0 left on base; Detroit 1 - Montreal 1
BOTTOM OF THE 4TH
Montreal Expos batting - Pitching for Detroit Tigers : RHP Lou Clayton
Batting: LHB D.J. Spencer 0-0: Ball
1-0: Ball
2-0: Called Strike
2-1: Called Strike
2-2: SINGLE (Line Drive, 78S, EV 105.0 MPH)
Batting: RHB Ricky Sytsma 0-0: Called Strike
0-1: Ball
1-1: Foul Ball, location: 2F
1-2: 2-RUN HOME RUN (Flyball, 9LD, EV 90.0 MPH), Distance : 353 ft
Batting: LHB Hugo Texido 0-0: Ball
1-0: Called Strike
1-1: Foul Ball, location: 7LSF
1-2: Foul Ball, location: 2F
1-2: Ball
2-2: Fly out, F9 (Flyball, 9S, EV 78.1 MPH)
Batting: SHB Jonah Pérez 0-0: Called Strike
0-1: Fly out, F4 (Popup, 4MD, EV 55.6 MPH)
Batting: LHB Daryl Henderson 0-0: Swinging Strike
0-1: Ball
1-1: Ball
2-1: Ball
3-1: SINGLE (Groundball, 13, EV 71.9 MPH) (infield hit)
Batting: RHB Brian Ottman 0-0: Ball
1-0: Called Strike
1-1: Fly out, F8 (Line Drive, 8RM, EV 93.8 MPH)
Bottom of the 4th over - 2 runs, 3 hits, 0 errors, 1 left on base; Detroit 1 - Montreal 3
TOP OF THE 5TH
Detroit Tigers batting - Pitching for Montreal Expos : RHP Elliott Raber
Batting: RHB Dragon Dainty 0-0: Ball
1-0: Called Strike
1-1: Fly out, F7 (Flyball, 78S, EV 91.9 MPH)
Batting: LHB Will Dishman 0-0: Ball
1-0: Ball
2-0: Foul Ball, location: 7LMF
2-1: Swinging Strike
2-2: Ball
3-2: Strikes out swinging
Batting: RHB Aarón Gutiérrez 0-0: Foul Ball, location: 9LDF
0-1: Foul Ball, location: 7LSF
0-2: Ball
1-2: Ball
2-2: Fly out, F8 (Flyball, 8RS, EV 89.4 MPH)
Top of the 5th over - 0 runs, 0 hits, 0 errors, 0 left on base; Detroit 1 - Montreal 3
BOTTOM OF THE 5TH
Montreal Expos batting - Pitching for Detroit Tigers : RHP Lou Clayton
Batting: LHB Jimmy Miramontes 0-0: Ground out U3 (Groundball, 3, EV 86.3 MPH)
Batting: LHB Valentin Suárez 0-0: Ball
1-0: Called Strike
1-1: Ball
2-1: Ball
3-1: Base on Balls
Batting: LHB Joe Edwards 0-0: Called Strike
0-1: Called Strike
0-2: Grounds into double play, 4-6-3 (Groundball, 4, EV 106.9 MPH)
Bottom of the 5th over - 0 runs, 0 hits, 0 errors, 0 left on base; Detroit 1 - Montreal 3
TOP OF THE 6TH
Detroit Tigers batting - Pitching for Montreal Expos : RHP Elliott Raber
Pitching: LHP Justin Ayer
Batting: RHB Zaiden Parker 0-0: Ball
1-0: Foul Ball, location: 7LDF
1-1: SINGLE (Line Drive, 5D, EV 98.8 MPH)
Batting: LHB Jim Harvill 0-0: Foul Ball, location: 2F
0-1: Foul Ball, location: 2F
0-2: Strikes out swinging
Batting: LHB Sebastian Ontiveros 0-0: Fly out, F7 (Flyball, 7D, EV 105.0 MPH)
Batting: SHB Carlos Vargas 0-0: Ball
1-0: Called Strike
1-1: Swinging Strike
1-2: Strikes out swinging
Top of the 6th over - 0 runs, 1 hit, 0 errors, 1 left on base; Detroit 1 - Montreal 3
BOTTOM OF THE 6TH
Montreal Expos batting - Pitching for Detroit Tigers : RHP Lou Clayton
Pitching: RHP Jonas Gallick
Batting: LHB D.J. Spencer 0-0: Foul Ball, location: 5SF
0-1: Foul Ball, location: 7LMF
0-2: Foul Ball, location: 2F
0-2: Foul Ball, location: 2F
0-2: Fly out, F8 (Flyball, 78M, EV 86.3 MPH)
Batting: RHB Ricky Sytsma 0-0: Foul Ball, location: 2F
0-1: Foul Ball, location: 2F
0-2: Strikes out looking
Batting: LHB Hugo Texido 0-0: Foul Ball, location: 7LSFF
0-1: Called Strike
0-2: Ground out 5-3 (Groundball, 56S, EV 89.4 MPH)
Bottom of the 6th over - 0 runs, 0 hits, 0 errors, 0 left on base; Detroit 1 - Montreal 3
TOP OF THE 7TH
Detroit Tigers batting - Pitching for Montreal Expos : LHP Justin Ayer
Batting: RHB Kyle Garette 0-0: Ball
1-0: Foul Ball, location: 2F
1-1: Foul Ball, location: 23F
1-2: Ball
2-2: Ball
3-2: Fly out, F6 (Line Drive, 6M, EV 73.1 MPH)
Batting: RHB Peter Bates 0-0: Called Strike
0-1: SINGLE (Flyball, 8RS, EV 100.0 MPH)
Batting: RHB Dragon Dainty 0-0: Called Strike
0-1: Foul Ball, location: 2F
0-2: Strikes out looking
Pitching: LHP Chris Romano
Pinch Hitting: RHB Owen Roberts 0-0: Ball
1-0: Ball
2-0: Called Strike
2-1: Ball
3-1: Called Strike
3-2: Foul Ball, location: 9LMF
3-2: Foul Ball, location: 23F
3-2: Base on Balls
Peter Bates to second
Batting: RHB Aarón Gutiérrez 0-0: Ball
1-0: Ball
2-0: Foul Ball, location: 2LF
2-1: Ground out 4-3 (Groundball, 4, EV 83.8 MPH)
Top of the 7th over - 0 runs, 1 hit, 0 errors, 2 left on base; Detroit 1 - Montreal 3
BOTTOM OF THE 7TH
Montreal Expos batting - Pitching for Detroit Tigers : RHP Jonas Gallick
Now at 2B: Kyle Garette
Now at 3B: Owen Roberts
Batting: SHB Jonah Pérez 0-0: Ball
1-0: Called Strike
1-1: Ball
2-1: Ball
3-1: Foul Ball, location: 2F
3-2: SINGLE (Flyball, 8RS, EV 97.5 MPH)
Batting: LHB Daryl Henderson 0-0: Ball
1-0: Ball
2-0: Sac Bunt to 13S - play at first, batter OUT! 1-3
Jonah Pérez to second
Batting: RHB Brian Ottman 0-0: Foul Ball, location: 2F
0-1: Ball
1-1: Ball
2-1: Fly out, F8 (Flyball, 89M, EV 95.6 MPH)
Batting: LHB Jimmy Miramontes 0-0: Called Strike
0-1: Ball
1-1: Foul Ball, location: 2F
1-2: Strikes out looking
Bottom of the 7th over - 0 runs, 1 hit, 0 errors, 1 left on base; Detroit 1 - Montreal 3
TOP OF THE 8TH
Detroit Tigers batting - Pitching for Montreal Expos : LHP Chris Romano
Now at SS: Owen Dyche
Now in CF: Hugo Texido
Batting: RHB Zaiden Parker 0-0: Swinging Strike
0-1: Swinging Strike
0-2: Ball
1-2: Strikes out swinging
Batting: LHB Jim Harvill 0-0: Foul Ball, location: 7LMF
0-1: SINGLE (Line Drive, 4D, EV 96.3 MPH)
Batting: LHB Sebastian Ontiveros 0-0: Fielders Choice at 2nd, 4-6 (Groundball, 34, EV 85.0 MPH)
Batting: SHB Carlos Vargas 0-0: Ball
1-0: Fly out, F8 (Flyball, 8RD, EV 88.8 MPH)
Top of the 8th over - 0 runs, 1 hit, 0 errors, 1 left on base; Detroit 1 - Montreal 3
BOTTOM OF THE 8TH
Montreal Expos batting - Pitching for Detroit Tigers : RHP Jonas Gallick
Batting: LHB Valentin Suárez 0-0: Called Strike
0-1: Ball
1-1: Ball
2-1: Ball
3-1: Base on Balls
Batting: LHB Joe Edwards 0-0: Foul Ball, location: 2LF
0-1: Ball
1-1: Ball
2-1: SINGLE (Line Drive, 56D, EV 98.1 MPH)
Valentin Suárez to second
Batting: LHB D.J. Spencer 0-0: Fly out, F9 (Flyball, 89M, EV 91.9 MPH)
Batting: RHB Ricky Sytsma 0-0: Ball
1-0: Foul Ball, location: 2F
1-1: Swinging Strike
1-2: Strikes out swinging
Batting: LHB Hugo Texido 0-0: Called Strike
0-1: Ball
1-1: Called Strike
1-2: Ball
2-2: Ball
3-2: Strikes out looking
Bottom of the 8th over - 0 runs, 1 hit, 0 errors, 2 left on base; Detroit 1 - Montreal 3
TOP OF THE 9TH
Detroit Tigers batting - Pitching for Montreal Expos : LHP Chris Romano
Batting: RHB Kyle Garette 0-0: Swinging Strike
0-1: Called Strike
0-2: Ball
1-2: Foul Ball, location: 2F
1-2: Ball
2-2: Strikes out swinging
Pitching: RHP Russell Coe
Pinch Hitting: LHB Verrell Vander Mark 0-0: Ground out 6-3 (Groundball, 6, EV 98.1 MPH)
Batting: RHB Dragon Dainty 0-0: Ball
1-0: Ball
2-0: Ball
3-0: Base on Balls
Batting: RHB Owen Roberts 0-0: Swinging Strike
0-1: Ball
1-1: Called Strike
1-2: Hit by Pitch
Dragon Dainty to second
Batting: RHB Aarón Gutiérrez 0-0: Ball
1-0: Ball
2-0: Ball
3-0: Called Strike
3-1: Foul Ball, location: 5F
3-2: Base on Balls
Dragon Dainty to third
Owen Roberts to second
Batting: RHB Zaiden Parker 0-0: Foul Ball, location: 3SF
0-1: Swinging Strike
0-2: Fly out, F8 (Flyball, 89M, EV 82.5 MPH)
Top of the 9th over - 0 runs, 0 hits, 0 errors, 3 left on base; Detroit 1 - Montreal 3
Wednesday, April 17th , 2024 - OOTP Baseball 24.11 Build 85